[Event "Late-Titled-Tuesday-Blitz-March-05-2024"]
[Site "Chess.com"]
[Date "2024.03.05"]
[Round "2"]
[White "secretworker2027"]
[Black "Hikaru"]
[Result "0-1"]
[WhiteElo "2653"]
[BlackElo "3257"]
[TimeControl "180+1"]
[EndTime "14:15:50 PST"]
[Termination "Hikaru won by resignation"]

1. e4 d5 2. Nf3 dxe4 3. Ng5 Bf5 4. Nc3 Nf6 5. Bc4 e6 6. Qe2 Nc6 7. Bb5 Qd4 8. d3 exd3 9. cxd3 Qd7 10. Be3 a6 11.
Bxc6 Qxc6 12. O-O Be7 13. Rac1 Qd7 14. Nce4 O-O 15. Nxf6+ Bxf6 16. Ne4 Be7 17. Rfd1 Rfd8 18. Bc5 b6 19. Bxe7 Qxe7 20. d4 Bxe4 21. Qxe4 Rd5 22.
Qf4 Rc8 23. h3 Qd7 24. Qg4 Rd8 25. Qg3 c5 26. Qa3 a5 27. Qb3 b5 28. a4 bxa4 29.
Qb6 cxd4 30. Rc7 Qd6 31. Qb7 Rf8 32. Rdc1 d3 0-1

[Event "Late-Titled-Tuesday-Blitz-March-05-2024"]
[Site "Chess.com"]
[Date "2024.03.05"]
[Round "2"]
[White "DanielNaroditsky"]
[Black "Agibileg"]
[Result "1-0"]
[WhiteElo "3100"]
[BlackElo "2649"]
[TimeControl "180+1"]
[EndTime "14:15:50 PST"]
[Termination "DanielNaroditsky won by resignation"]

1. e4 e5 2. Nf3 Nc6 3. Nc3 Nf6 4. g3 d5 5. exd5 Nxd5 6. Bg2 Nxc3 7. bxc3 Bd6 8. O-O O-O 9. d4 exd4 10. cxd4 Bg4 11.
c3 Na5 12. Qd3 Bh5 13. Qf5 Bxf3 14. Bxf3 c6 15. Be4 g6 16. Qf3 Re8 17. Bd3 Bf8 18. Rb1 Bg7 19. Ba3 Rc8 20. Rfe1 b6 21. h4 Rxe1+ 22. Rxe1 c5 23. dxc5 bxc5 24. Ba6 Qd2 25.
Rd1 Qxa2 26. Bxc8 Qxa3 27. Rd8+ Bf8 28. Be6 1-0

[Event "Late-Titled-Tuesday-Blitz-March-05-2024"]
[Site "Chess.com"]
[Date "2024.03.05"]
[Round "2"]
[White "HansOnTwitch"]
[Black "TheoSlade"]
[Result "1-0"]
[WhiteElo "3111"]
[BlackElo "2418"]
[TimeControl "180+1"]
[EndTime "14:15:51 PST"]
[Termination "HansOnTwitch won by checkmate"]

1. e4 e5 2. Nf3 Nc6 3. Bc4 Bc5 4. d3 Nf6 5. O-O O-O 6. Re1 d6 7. c3 h6 8. h3 Re8 9. Nbd2 Be6 10. b4 Bb6 11. a4 a6 12. Bxe6 Rxe6 13. Qc2 Ne7 14.
Nf1 Ng6 15. Ng3 Qd7 16. d4 Rae8 17. d5 R6e7 18. c4 Rf8 19. c5 Ba7 20. Be3 dxc5 21. bxc5 b6 22. c6 Qd8 23. Nf5 Ree8 24. a5 Qc8 25.
axb6 Bxb6 26. Bxb6 cxb6 27. Nd6 Qa8 28. Nxe8 Rxe8 29.
c7 Nd7 30. Rec1 Nc5 31. Rab1 Qb7 32. Qxc5 bxc5 33. Rxb7 Ne7 34. Rb8 Nc8 35. d6 Nxd6 36.
Rxe8+ Nxe8 37. c8=Q Kf8 38. Nxe5 f6 39. Rxc5 fxe5 40. Rxe5 g6 41. Qxe8+ Kg7 42. Re7+ Kf6 43. Rf7+ Kg5 44. Qe5+ Kh4 45. Qg3+ Kh5 46. Qg4# 1-0

[Event "Late-Titled-Tuesday-Blitz-March-05-2024"]
[Site "Chess.com"]
[Date "2024.03.05"]
[Round "2"]
[White "Balla_Tamas"]
[Black "Arystanner"]
[Result "0-1"]
[WhiteElo "2410"]
[BlackElo "2874"]
[TimeControl "180+1"]
[EndTime "14:15:55 PST"]
[Termination "Arystanner won by resignation"]

1. e4 c5 2. c3 d5 3. exd5 Nf6 4. d4 cxd4 5. cxd4 Nxd5 6. Nf3 Nc6 7. Nc3 e6 8. Bc4 Bb4 9. Bd2 O-O 10. O-O Be7 11. Re1 Nb6 12. Bb3 Nxd4 13. Nxd4 Qxd4 14. Qe2 Bd7 15.
Be3 Qh4 16. Rad1 Bc6 17. Rd4 Qf6 18. Rf4 Qe5 19. Rg4 Bf6 20. Bd4 Qxe2 21. Rxe2 Bxd4 22. Rxd4 Rfd8 23. Red2 Rxd4 24. Rxd4 Kf8 25. h3 Ke7 26. Rh4 h6 27. Rg4 g5 28. h4 f6 29. hxg5 hxg5 30. Rg3 Rd8 31. Re3 e5 32. Rh3 Rd2 33. Rh7+ Kd6 34. Rf7 Nd7 35. Ba4 Rxb2 36. Bxc6 Kxc6 37.
Ne4 Rxa2 38. Nxf6 Nxf6 39. Rxf6+ Kd5 40. Rf5 b5 41. Rxg5 b4 42. Rg4 a5 43. f4 exf4 44. Rxf4 b3 0-1

[Event "Late-Titled-Tuesday-Blitz-March-05-2024"]
[Site "Chess.com"]
[Date "2024.03.05"]
[Round "2"]
[White "Bugcrusher"]
[Black "Szparu"]
[Result "0-1"]
[WhiteElo "2548"]
[BlackElo "2796"]
[TimeControl "180+1"]
[EndTime "14:15:56 PST"]
[Termination "Szparu won by resignation"]

1. d4 Nf6 2. Bf4 c5 3. e3 Nd5 4. Bg3 Qb6 5. c4 Nf6 6. Nc3 d6 7. Qd2 g6 8. Nf3 Bg7 9. d5 O-O 10. Bd3 Nh5 11. Bh4 e5 12. dxe6 Bxe6 13. O-O Nc6 14.
Nd5 Bxd5 15. cxd5 Ne5 16. Nxe5 Bxe5 17. Rab1 Bg7 18. e4 Rac8 19. b3 Bd4 20. Kh1 Ng7 21.
f4 f5 22. e5 dxe5 23. fxe5 Bxe5 24. Be7 Rf7 25. d6 Bxd6 26. Bxd6 Qxd6 27. Qc3 Qf6 28. Qc2 Kh8 29. Bc4 Re7 30. Rbd1 b6 31. Rd5 h5 32.
Rfd1 Kh7 33. Rd6 Qxd6 0-1

[Event "Late-Titled-Tuesday-Blitz-March-05-2024"]
[Site "Chess.com"]
[Date "2024.03.05"]
[Round "2"]
[White "Njal28"]
[Black "giovannibrandao7"]
[Result "1-0"]
[WhiteElo "2997"]
[BlackElo "2229"]
[TimeControl "180+1"]
[EndTime "14:15:56 PST"]
[Termination "Njal28 won by resignation"]

1. e4 c5 2. Nf3 d6 3. Nc3 Nf6 4. Bb5+ Bd7 5. Qe2 Nc6 6. O-O g6 7. e5 Nxe5 8. Nxe5 dxe5 9. Qxe5 Bg7 10. Qxc5 O-O 11. Bxd7 Qxd7 12. Re1 e5 13. Qb5 Rfe8 14. Qxd7 Nxd7 15. d3 Nc5 16. Be3 Ne6 17. Nb5 b6 18. a4 Bf8 19. Nc3 Kg7 20. a5 Bc5 21. Bxc5 Nxc5 22. Kf1 f6 23. axb6 axb6 24. Nd5 1-0

[Event "Late-Titled-Tuesday-Blitz-March-05-2024"]
[Site "Chess.com"]
[Date "2024.03.05"]
[Round "2"]
[White "Lennis93"]
[Black "janhelmer03"]
[Result "1-0"]
[WhiteElo "2694"]
[BlackElo "2393"]
[TimeControl "180+1"]
[EndTime "14:15:58 PST"]
[Termination "Lennis93 won by resignation"]

1. a3 e5 2. c4 Nf6 3. Nc3 d5 4. cxd5 Nxd5 5. Nf3 Nc6 6. e3 Be6 7. Qc2 Nb6 8. Bb5 Bd6 9. d4 exd4 10. Nxd4 Bd7 11. Nxc6 bxc6 12. Bd3 Qg5 13. O-O Qh4 14.
g3 Qh3 15. Be4 h5 16. Bg2 Qg4 17. h3 Qe6 18. Ne2 h4 19. Nd4 Qh6 20. g4 Nd5 21.
Nxc6 Bh2+ 22. Kxh2 Qxc6 23. Qxc6 Bxc6 24. Bd2 O-O-O 25.
Rac1 Kb7 26. Rc2 Ne7 27. Rfc1 Rd6 28. Bb4 Re6 29. Bxe7 Bxg2 30. Rxc7+ 1-0

[Event "Late-Titled-Tuesday-Blitz-March-05-2024"]
[Site "Chess.com"]
[Date "2024.03.05"]
[Round "2"]
[White "cristiano78"]
[Black "ninguno46"]
[Result "0-1"]
[WhiteElo "2282"]
[BlackElo "2512"]
[TimeControl "180+1"]
[EndTime "14:16:00 PST"]
[Termination "ninguno46 won by resignation"]

1. d4 Nf6 2. c4 e6 3. Nf3 Bb4+ 4. Bd2 Qe7 5. Nc3 b6 6. a3 Bxc3 7. Bxc3 Bb7 8. g3 d6 9. Bg2 Nbd7 10. Rc1 O-O 11. O-O Be4 12. Ne1 Bxg2 13. Nxg2 c5 14. e3 e5 15. dxe5 dxe5 16. Qe2 h5 17. Rcd1 Qe6 18.
f3 Rfd8 19. Rd2 Nf8 20. Rfd1 Rxd2 21. Rxd2 Ng6 22. e4 h4 23. Ne3 Ne7 24. Nd5 Rc8 25. g4 Ng6 26. Qe3 Nxd5 27. Rxd5 f6 28. Qd3 Nf4 29. Rd8+ Kh7 30. Qd6 Rxd8 31. Qxd8 Qxc4 32. Qd2 h3 33. Kf2 b5 34. Kg3 Qf1 35. Ba5 Qg1+ 0-1

[Event "Late-Titled-Tuesday-Blitz-March-05-2024"]
[Site "Chess.com"]
[Date "2024.03.05"]
[Round "2"]
[White "Jospem"]
[Black "Fh2411"]
[Result "1-0"]
[WhiteElo "3098"]
[BlackElo "2648"]
[TimeControl "180+1"]
[EndTime "14:16:01 PST"]
[Termination "Jospem won on time"]

1. e4 c6 2. d4 d5 3. e5 Bf5 4. h4 h5 5. Bd3 Bxd3 6. Qxd3 Qa5+ 7. b4 Qa6 8. e6 Qxd3 9. cxd3 fxe6 10. Nd2 e5 11. dxe5 e6 12. Rb1 Nh6 13. Ndf3 Nf7 14.
Nh3 Nd7 15. d4 a6 16. Nf4 Nd8 17. Ng5 Rh6 18. O-O Be7 19. Nf3 Nf8 20. g3 Rh8 21. a4 Kf7 22. Bd2 Ng6 23. Nd3 b6 24. Rfc1 Rc8 25. b5 axb5 26. axb5 c5 27. dxc5 bxc5 28.
Bb4 c4 29. Bxe7 Kxe7 30. Nb4 Rc7 31. Re1 Nb7 32. Nd4 Nc5 33. Nbc6+ Kd7 34. Ra1 Rb7 35. Re3 Rc8 36. Rf3 Ke8 37. Raa3 Ne7 38. Ra5 Nxc6 39. bxc6 1-0

[Event "Late-Titled-Tuesday-Blitz-March-05-2024"]
[Site "Chess.com"]
[Date "2024.03.05"]
[Round "2"]
[White "jk13"]
[Black "giomar27"]
[Result "0-1"]
[WhiteElo "2660"]
[BlackElo "2421"]
[TimeControl "180+1"]
[EndTime "14:16:02 PST"]
[Termination "giomar27 won by resignation"]

1. e4 e5 2. Nf3 Nc6 3. Bc4 Nf6 4. d3 h6 5. O-O d6 6. Re1 g5 7. a4 Bg7 8. a5 a6 9. Nc3 Bg4 10. h3 Bh5 11. Nd5 O-O 12. c3 Nxd5 13. Bxd5 Ne7 14. Bb3 Kh8 15. g4 Bg6 16. Kg2 c6 17. Rh1 Qd7 18.
Qe2 Rae8 19. Nh2 d5 20. Nf1 c5 21. c4 dxe4 22. dxe4 Nc6 23. Ba4 Rd8 24. Bxc6 Qxc6 25.
Ng3 Rd4 26. f3 f6 27. Be3 Rd7 28. h4 Kg8 29. hxg5 hxg5 30. Rhd1 Rfd8 31. Rd5 Bf7 32.
Rxc5 Qd6 33. Rd5 Bxd5 34. exd5 Qb4 35. Qc2 Rc7 36. Rc1 Rxd5 37. Bb6 Rd2+ 38. Kh3 Rxc2 39. Rxc2 Rxc4 40. Rxc4 Qxc4 0-1

[Event "Late-Titled-Tuesday-Blitz-March-05-2024"]
[Site "Chess.com"]
[Date "2024.03.05"]
[Round "2"]
[White "aranibos"]
[Black "anasta10"]
[Result "0-1"]
[WhiteElo "2283"]
[BlackElo "2513"]
[TimeControl "180+1"]
[EndTime "14:16:02 PST"]
[Termination "anasta10 won by resignation"]

1. d4 Nf6 2. Nf3 g6 3. Bg5 Bg7 4. Nbd2 c5 5. e3 O-O 6. c3 b6 7.
Bd3 Bb7 8. h4 h5 9. Qb3 Nc6 10.
dxc5 Na5 11. Qa3 Re8 12. O-O Qc7 13. cxb6 axb6 14. b4 Nc4 15. Qb3 Nxd2 16. Nxd2 Ng4 17. Bf4 Qxc3 18. Rac1 Qxb3 19. axb3 Ra2 20. Nc4 b5 21.
Na5 Bd5 22. Bxb5 Be6 23. f3 Nf6 24. Rfd1 Nd5 25. Nb7 Nxf4 26. exf4 Rb8 27. Bxd7 Rxb7 28. Bxe6 fxe6 29. Rc8+ Kf7 30. Rc4 Rb2 31. Rd3 Ra7 32.
Kh2 Raa2 0-1

[Event "Late-Titled-Tuesday-Blitz-March-05-2024"]
[Site "Chess.com"]
[Date "2024.03.05"]
[Round "2"]
[White "rickywsb"]
[Black "rdarruda"]
[Result "1/2-1/2"]
[WhiteElo "2344"]
[BlackElo "2525"]
[TimeControl "180+1"]
[EndTime "14:16:03 PST"]
[Termination "Game drawn by repetition"]

1. d4 Nf6 2. Bf4 d6 3. e3 g6 4.
Nf3 Bg7 5. h3 O-O 6. Be2 b6 7. O-O Bb7 8. c4 Nbd7 9. Bh2 e5 10.
dxe5 dxe5 11. Nxe5 Nxe5 12. Bxe5 Qe7 13. Bc3 Rad8 14.
Qa4 a5 15. Nd2 Rd7 16. Bf3 Bxf3 17. Nxf3 Rfd8 18. Ne5 Rd6 19. Nf3 Ne4 20. Bxg7 Kxg7 21. Rad1 Qf6 22. Qc2 Rxd1 23. Rxd1 Rxd1+ 24. Qxd1 Qxb2 25. Qd4+ Qxd4 26. Nxd4 Nd6 27. Nb5 Nxb5 28. cxb5 Kf6 29.
Kf1 Ke5 30. Ke2 Kd5 31. Kd3 Kc5 32. a4 Kb4 33. e4 Kxa4 34. Kc4 Ka3 35. Kc3 Ka4 36.
Kc4 Ka3 37. Kc3 Ka4 38. Kc4 1/2-1/2

[Event "Late-Titled-Tuesday-Blitz-March-05-2024"]
[Site "Chess.com"]
[Date "2024.03.05"]
[Round "2"]
[White "Orest_Vovk"]
[Black "OverallStranger"]
[Result "0-1"]
[WhiteElo "2521"]
[BlackElo "2368"]
[TimeControl "180+1"]
[EndTime "14:16:08 PST"]
[Termination "OverallStranger won by resignation"]

1. h4 e5 2. h5 d5 3. h6 Nxh6 4. d4 exd4 5. Bxh6 gxh6 6. Qxd4 Rg8 7. Nc3 Bg7 8. Qf4 Be6 9. O-O-O c6 10. Ne4 Nd7 11.
Nd6+ Kf8 12. Rxh6 Bxh6 13. Qxh6+ Rg7 14. e4 Qg5+ 15. Qxg5 Rxg5 16. Nxb7 Rb8 17. Na5 dxe4 18. Nxc6 Rc8 19. Nxa7 Ra8 20. Nh3 Bxh3 21. gxh3 Rxa7 22. h4 Rg1 23. a3 Ne5 24. b3 Rd7 25. Re1 Nf3 26.
Rxe4 Rxf1+ 27. Kb2 Rxf2 28. a4 Rdd2 29. Rc4 Ne1 30. b4 Rxc2+ 31. Rxc2 Rxc2+ 32. Kb3 Ke7 33. a5 Kd6 0-1

[Event "Late-Titled-Tuesday-Blitz-March-05-2024"]
[Site "Chess.com"]
[Date "2024.03.05"]
[Round "2"]
[White "SchmakAttack"]
[Black "chessisveryfun1264"]
[Result "1-0"]
[WhiteElo "2816"]
[BlackElo "2567"]
[TimeControl "180+1"]
[EndTime "14:16:11 PST"]
[Termination "SchmakAttack won by resignation"]

1. e4 e6 2. d4 d5 3. e5 c5 4.
c3 Nc6 5. Nf3 Qb6 6. Bd3 cxd4 7.
O-O Bd7 8. Re1 a6 9. Nbd2 dxc3 10.
bxc3 Rc8 11. Nb3 Na5 12. Nbd4 Nc4 13. Ng5 Nh6 14. Nxh7 Be7 15. Bxh6 gxh6 16. Rb1 Qc7 17. Qh5 b5 18. Qxh6 Nxe5 19. Nf6+ Bxf6 20. Qxf6 Ng6 21. Nxe6 Qxh2+ 22. Kf1 Qh1+ 23. Ke2 Qh5+ 24. Kd2 Ne7 25. Ng7+ 1-0

[Event "Late-Titled-Tuesday-Blitz-March-05-2024"]
[Site "Chess.com"]
[Date "2024.03.05"]
[Round "2"]
[White "JackRodgers"]
[Black "GMBenjaminBok"]
[Result "0-1"]
[WhiteElo "2514"]
[BlackElo "2973"]
[TimeControl "180+1"]
[EndTime "14:16:13 PST"]
[Termination "GMBenjaminBok won by resignation"]

1. d4 Nf6 2. Bg5 d5 3. Bxf6 gxf6 4. e3 c5 5. Nc3 cxd4 6. Qxd4 e6 7. O-O-O Nc6 8. Qh4 Bg7 9. Nf3 f5 10. Qxd8+ Kxd8 11.
Nd4 Bd7 12. Bb5 Rc8 13. h4 Ke7 14. h5 Nxd4 15. Bxd7 Rxc3 16. bxc3 Ne2+ 17. Kd2 Nxc3 18. h6 Bf6 19. Bxe6 Nxd1 20. Bxf5 Nxf2 21. Rb1 b6 22. a4 Ne4+ 23. Bxe4 dxe4 24. a5 Rd8+ 25. Ke2 bxa5 26. Rb5 Bc3 27. Rc5 Rd2+ 28. Kf1 Rxc2 29. Rc7+ Kf6 30. Rxa7 Kg6 31. g4 Bb4 32. Ra6+ f6 33.
Re6 a4 0-1

[Event "Late-Titled-Tuesday-Blitz-March-05-2024"]
[Site "Chess.com"]
[Date "2024.03.05"]
[Round "2"]
[White "GianmarcoVaR"]
[Black "jup1978"]
[Result "1-0"]
[WhiteElo "2777"]
[BlackElo "2429"]
[TimeControl "180+1"]
[EndTime "14:16:13 PST"]
[Termination "GianmarcoVaR won by resignation"]

1. e4 e5 2. Nf3 Nf6 3. Nxe5 d6 4.
Nf3 Nxe4 5. c4 d5 6. Nc3 Nxc3 7. dxc3 c6 8. Bg5 Be7 9. Bxe7 Qxe7+ 10. Qe2 Qxe2+ 11. Bxe2 dxc4 12. Bxc4 O-O 13. O-O-O Nd7 14. Rhe1 Nb6 15. Bb3 Bg4 16. Re7 Rab8 17. Rd3 Bh5 18.
Ne5 a5 19. g4 Bg6 20. Rf3 Nd5 21. Bxd5 cxd5 22. Nd7 Rfe8 23. Rfe3 Rxe7 24. Rxe7 Rd8 25. Ne5 b5 26. Ra7 h5 27. Nxg6 fxg6 28. gxh5 gxh5 29.
Rxa5 d4 30. cxd4 Rxd4 31. Rxb5 Rh4 32. b4 Rxh2 33. a4 h4 34. a5 Rxf2 35. a6 h3 36. a7 Ra2 37. Ra5 Rxa5 38. bxa5 1-0

[Event "Late-Titled-Tuesday-Blitz-March-05-2024"]
[Site "Chess.com"]
[Date "2024.03.05"]
[Round "2"]
[White "Bkmzzzzz"]
[Black "PattyCastillo"]
[Result "0-1"]
[WhiteElo "2411"]
[BlackElo "2027"]
[TimeControl "180+1"]
[EndTime "14:16:14 PST"]
[Termination "PattyCastillo won by resignation"]

1. e4 c5 2. Nf3 d6 3. d4 cxd4 4. Qxd4 Nf6 5. Nc3 Nc6 6. Bb5 Bd7 7. Qd2 a6 8. Bxc6 Bxc6 9. Qd3 g6 10. Bg5 Bg7 11. O-O-O O-O 12. h4 Rc8 13. Kb1 b5 14. Nd5 Bxd5 15. exd5 Qc7 16. Rhe1 Rfe8 17. Nd2 h6 18.
Be3 Ng4 19. f3 Nxe3 20. Rxe3 Qc5 21. Nb3 Qb6 22. Rde1 Rc7 23. g4 Rec8 24. Rxe7 Rxc2 25. h5 Rxb2+ 0-1

[Event "Late-Titled-Tuesday-Blitz-March-05-2024"]
[Site "Chess.com"]
[Date "2024.03.05"]
[Round "2"]
[White "Zallio"]
[Black "Midgardsormur"]
[Result "0-1"]
[WhiteElo "2157"]
[BlackElo "2461"]
[TimeControl "180+1"]
[EndTime "14:16:18 PST"]
[Termination "Midgardsormur won by resignation"]

1. e4 c5 2. Nf3 d6 3. d4 cxd4 4. Nxd4 Nf6 5. Nc3 Nc6 6. Be3 Ng4 7. Bg5 Qb6 8. Be3 Nxe3 9. fxe3 Qxb2 10. Nce2 a6 11. g3 g6 12. Bg2 Bg7 13. O-O O-O 14. c3 Ne5 15. h3 b5 16. a4 Bd7 17. axb5 axb5 18. Rb1 Qa2 19. Nxb5 Rab8 20. Nbd4 Rfc8 21.
Kh2 Nc4 22. Qd3 Rxb1 23. Rxb1 Nxe3 24. Rb7 Nxg2 25. Rxd7 Ne1 26. Qd1 Bxd4 27. Qxe1 Rxc3 28. Rd8+ Kg7 29. Qd1 Be5 30. Kg2 Rxg3+ 31. Kf2 Qa7+ 32. Kf1 Rf3+ 33. Kg2 Qf2+ 0-1

[Event "Late-Titled-Tuesday-Blitz-March-05-2024"]
[Site "Chess.com"]
[Date "2024.03.05"]
[Round "2"]
[White "jamengrand"]
[Black "JaackCamel"]
[Result "1-0"]
[WhiteElo "2487"]
[BlackElo "2207"]
[TimeControl "180+1"]
[EndTime "14:16:19 PST"]
[Termination "jamengrand won by checkmate"]

1. e4 e6 2. d4 d5 3. e5 c5 4. c3 Nc6 5. Nf3 Qb6 6. Bd3 cxd4 7. O-O Bd7 8. a3 Rc8 9. b4 a6 10. Bb2 dxc3 11. Nxc3 Na5 12. bxa5 Qxb2 13. Na4 Qxa1 14. Qxa1 Bxa4 15. Rc1 Bc6 16. Qb2 f6 17. Qb6 Ne7 18. exf6 gxf6 19. Nd4 Kf7 20. Nxc6 bxc6 21. Bxa6 Ra8 22.
Bb7 Rb8 23. a6 Bh6 24. Rb1 Rhe8 25. a7 Rbd8 26. Bxc6 Nxc6 27. Qxc6 Bf4 28. Rb7+ Kg6 29. g3 Rc8 30. Qd7 Be5 31. Qxh7+ Kg5 32. Rg7# 1-0

[Event "Late-Titled-Tuesday-Blitz-March-05-2024"]
[Site "Chess.com"]
[Date "2024.03.05"]
[Round "2"]
[White "Sajkochess"]
[Black "chegueps"]
[Result "0-1"]
[WhiteElo "2335"]
[BlackElo "2663"]
[TimeControl "180+1"]
[EndTime "14:16:21 PST"]
[Termination "chegueps won by resignation"]

1. e4 Nf6 2. e5 Nd5 3. d4 d6 4. c4 Nb6 5. exd6 cxd6 6. Nc3 g6 7. Be3 Bg7 8. h3 O-O 9. Nf3 Nc6 10. Be2 d5 11. c5 Nc4 12. Bxc4 dxc4 13. d5 Nb4 14. Bd4 Nd3+ 15. Kf1 Bxd4 16. Nxd4 Nxb2 17. Qe2 Nd3 18. c6 Qb6 19. cxb7 Bxb7 20. Nc2 Qf6 21. Rb1 Qxc3 22. Rxb7 Rab8 23. Rxb8 Rxb8 24. g3 Rb2 25. Qxe7 Rxc2 26. d6 Rxf2+ 27. Kg1 0-1

[Event "Late-Titled-Tuesday-Blitz-March-05-2024"]
[Site "Chess.com"]
[Date "2024.03.05"]
[Round "2"]
[White "Eliwood44"]
[Black "jactorres"]
[Result "1-0"]
[WhiteElo "2507"]
[BlackElo "2277"]
[TimeControl "180+1"]
[EndTime "14:16:21 PST"]
[Termination "Eliwood44 won on time"]

1. d4 Nf6 2. c4 e6 3. Nc3 Bb4 4. Qc2 O-O 5. Nf3 b6 6. e4 d6 7. e5 dxe5 8. dxe5 Bxc3+ 9. bxc3 Nfd7 10. Qe4 c6 11. Bd3 g6 12. Be3 Na6 13. Bc2 Bb7 14.
Rd1 Qe7 15. h4 Ndc5 16. Qf4 Rfd8 17. Rd4 Rd7 18. h5 Rad8 19. Ng5 Nc7 20. hxg6 fxg6 21. Rxh7 Qe8 22. Qh4 1-0

[Event "Late-Titled-Tuesday-Blitz-March-05-2024"]
[Site "Chess.com"]
[Date "2024.03.05"]
[Round "2"]
[White "NateSolon"]
[Black "PapaieDudu"]
[Result "1-0"]
[WhiteElo "2694"]
[BlackElo "2436"]
[TimeControl "180+1"]
[EndTime "14:16:22 PST"]
[Termination "NateSolon won by resignation"]

1. d4 d5 2. Bf4 Nf6 3. e3 e6 4. Nf3 Bd6 5. Ne5 O-O 6. Nd2 c5 7. c3 Qc7 8. Bd3 b6 9. g4 Ba6 10. Bxa6 Nxa6 11. g5 Nd7 12. Ndf3 cxd4 13. exd4 f6 14.
gxf6 Rxf6 15. Bg3 Raf8 16. Qe2 Nab8 17. O-O-O a5 18. Rhg1 a4 19. Bh4 Rf5 20. Rd3 Nxe5 21. dxe5 Bxe5 22. Nd4 Bf4+ 23. Kb1 Re5 24. Qg4 Rf7 25. Nxe6 Qc4 26. Rd4 Qc7 27. Nxc7 1-0

[Event "Late-Titled-Tuesday-Blitz-March-05-2024"]
[Site "Chess.com"]
[Date "2024.03.05"]
[Round "2"]
[White "NikolaGry"]
[Black "ThaBarWa"]
[Result "1-0"]
[WhiteElo "2713"]
[BlackElo "2398"]
[TimeControl "180+1"]
[EndTime "14:16:22 PST"]
[Termination "NikolaGry won by resignation"]

1. e4 c5 2. Nf3 d6 3. Bb5+ Nd7 4.
O-O Nf6 5. Re1 a6 6. Bf1 e5 7. c3 Be7 8. d4 O-O 9. a4 b6 10.
dxe5 dxe5 11. Na3 Bb7 12. Qc2 Qc7 13. Bg5 h6 14. Bh4 Rfe8 15. Rad1 Bc6 16. Bc4 Nh5 17. Qb3 Bxh4 18. Bxf7+ Kh7 19. Bxh5 Bf6 20. Bxe8 Rxe8 21. Nd2 Rf8 22. Ndc4 Bh4 23. Rd2 Bg5 24. Rde2 Nf6 25. Qxb6 Qd7 26. Nxe5 1-0

[Event "Late-Titled-Tuesday-Blitz-March-05-2024"]
[Site "Chess.com"]
[Date "2024.03.05"]
[Round "2"]
[White "sergiochess83"]
[Black "Bykov_Egor"]
[Result "1-0"]
[WhiteElo "2866"]
[BlackElo "2583"]
[TimeControl "180+1"]
[EndTime "14:16:23 PST"]
[Termination "sergiochess83 won on time"]

1. c4 Nf6 2. Nc3 g6 3. e4 d6 4. d4 Bg7 5. h3 O-O 6. Be3 e5 7.
d5 a5 8. g4 Na6 9. Nge2 Nc5 10.
Ng3 c6 11. Be2 Qc7 12. Rc1 Bd7 13. Kf1 Rfc8 14. Kg2 Ne8 15. h4 a4 16. h5 Qa5 17.
hxg6 fxg6 18. g5 Nc7 19. Bg4 cxd5 20. Nxd5 Bxg4 21. Qxg4 Nxd5 22. cxd5 Qb4 23. Bxc5 dxc5 24. Qe6+ Kf8 25. Rc3 1-0

[Event "Late-Titled-Tuesday-Blitz-March-05-2024"]
[Site "Chess.com"]
[Date "2024.03.05"]
[Round "2"]
[White "The_Straightforward_Rook"]
[Black "ventdelest"]
[Result "1/2-1/2"]
[WhiteElo "2438"]
[BlackElo "2084"]
[TimeControl "180+1"]
[EndTime "14:16:25 PST"]
[Termination "Game drawn by repetition"]

1. e4 d6 2. d4 Nf6 3. Bd3 e5 4.
c3 Be7 5. Nf3 Nc6 6. h3 O-O 7.
O-O exd4 8. cxd4 d5 9. e5 Ne4 10. Nc3 Nxc3 11. bxc3 Be6 12. Rb1 Rb8 13. Nh2 f5 14. f4 g6 15. Nf3 Kg7 16. Qe2 a6 17. Kh1 Na5 18. Ng5 Bxg5 19. fxg5 b5 20. h4 Nc4 21. Bxc4 dxc4 22. Ba3 Rf7 23. Bc5 Qd5 24. Kh2 Rh8 25. Qf3 h6 26. Qxd5 Bxd5 27. gxh6+ Rxh6 28. Kg3 f4+ 29. Rxf4 Rxf4 30. Kxf4 Rxh4+ 31. Kg3 Rh5 32. Rb2 Rg5+ 33. Kh3 Rh5+ 34. Kg4 Rh2 35. Kg3 Rh5 36. Be7 Kf7 37. Bf6 Ke6 38. Rf2 Rf5 39. Rxf5 Kxf5 40.
a3 c6 41. Kf2 Ke4 42. Ke2 Be6 43. g3 Bg4+ 44. Kd2 Kf3 45. Bh4 Ke4 46. Bf6 Kf3 47.
Bh4 Ke4 48. Bf6 1/2-1/2

[Event "Late-Titled-Tuesday-Blitz-March-05-2024"]
[Site "Chess.com"]
[Date "2024.03.05"]
[Round "2"]
[White "SmirnovTimofey2000"]
[Black "KorolDimitriy75"]
[Result "0-1"]
[WhiteElo "1973"]
[BlackElo "2425"]
[TimeControl "180+1"]
[EndTime "14:16:26 PST"]
[Termination "KorolDimitriy75 won by checkmate"]

1. e4 c5 2. c3 d5 3. exd5 Qxd5 4. d4 cxd4 5. cxd4 Nc6 6. Nf3 e5 7. Nc3 Bb4 8. Bd2 Bxc3 9. Bxc3 e4 10. Ne5 Nxe5 11.
dxe5 Ne7 12. Qxd5 Nxd5 13. Bb5+ Bd7 14. Bxd7+ Kxd7 15. O-O-O Ke6 16. Rhe1 Rhc8 17. Rxe4 Nxc3 18. bxc3 Rxc3+ 19. Kb2 Rac8 20. Rd2 R3c5 21. f4 Rb5+ 22. Ka3 Rc6 23. Ka4 Rb1 24. Ka3 b5 25. g4 Ra6+ 26.
Ra4 Rxa4# 0-1

[Event "Late-Titled-Tuesday-Blitz-March-05-2024"]
[Site "Chess.com"]
[Date "2024.03.05"]
[Round "2"]
[White "N_Mullodzhanov"]
[Black "BebeBonito2022"]
[Result "1-0"]
[WhiteElo "2523"]
[BlackElo "2309"]
[TimeControl "180+1"]
[EndTime "14:16:31 PST"]
[Termination "N_Mullodzhanov won by resignation"]

1. e4 e5 2. Nf3 Nc6 3. Bc4 Nf6 4.
Nc3 Nxe4 5. Nxe4 d5 6. Bd3 dxe4 7. Bxe4 Bd6 8. Bxc6+ bxc6 9. O-O O-O 10. d3 Bg4 11. Re1 Qf6 12. h3 Bxf3 13. Qxf3 Qxf3 14. gxf3 f5 15. Bd2 Rae8 16. Bc3 Rf6 17. f4 Rfe6 18. fxe5 Bxe5 19. Bxe5 Rxe5 20. Rxe5 Rxe5 21. Kg2 Kf7 22. Kf3 g5 23. d4 Re4 24. c3 Rh4 25. Kg2 Re4 26. Kf3 Rh4 27. Kg2 Re4 28. b4 Re2 29. a4 Rc2 30. Ra3 Ke6 31. b5 Kd5 32. Kg3 Kc4 33. bxc6 Rxc3+ 34. Rxc3+ 1-0

[Event "Late-Titled-Tuesday-Blitz-March-05-2024"]
[Site "Chess.com"]
[Date "2024.03.05"]
[Round "2"]
[White "Walter_White_Poland"]
[Black "StiffMaster1"]
[Result "0-1"]
[WhiteElo "2370"]
[BlackElo "2595"]
[TimeControl "180+1"]
[EndTime "14:16:32 PST"]
[Termination "StiffMaster1 won by resignation"]

1. e4 e5 2. Nf3 Nc6 3. Bb5 a6 4.
Ba4 Nf6 5. O-O Be7 6. Re1 b5 7. Bb3 O-O 8. h3 d6 9. c3 Nb8 10. d4 Nbd7 11. Nbd2 Bb7 12. Bc2 g6 13. Nf1 Re8 14.
Ng3 Bf8 15. a4 Bg7 16. d5 Qb8 17. b4 c6 18. dxc6 Bxc6 19. Bb3 h6 20. Bd2 Qb7 21. Qc2 d5 22. exd5 Nxd5 23. Ne4 Bf8 24. Rad1 f5 25. Bxh6 bxa4 26. Bxd5+ Bxd5 27. Bxf8 fxe4 28. Ng5 Nxf8 29. c4 Rac8 30. Rxd5 Qxd5 31. Nxe4 Rxc4 32. Nf6+ Kf7 33. Nxd5 Rxc2 0-1

[Event "Late-Titled-Tuesday-Blitz-March-05-2024"]
[Site "Chess.com"]
[Date "2024.03.05"]
[Round "2"]
[White "Irishchessman16"]
[Black "Fjal"]
[Result "1-0"]
[WhiteElo "2522"]
[BlackElo "2301"]
[TimeControl "180+1"]
[EndTime "14:16:37 PST"]
[Termination "Irishchessman16 won on time"]

1. e4 d6 2. f4 Nf6 3. d3 g6 4.
Nf3 c5 5. Be2 Nc6 6. O-O Bg7 7.
Qe1 Bg4 8. Qh4 Qb6 9. Kh1 Bxf3 10. Bxf3 Nd4 11. Bd1 h5 12. c3 Nc6 13. Na3 Qa6 14. Rf3 b5 15. Nc2 c4 16. Be2 Rb8 17. dxc4 bxc4 18.
Ne3 Nxe4 19. Bxc4 Qa5 20. f5 Nf6 21. Bxf7+ Kxf7 22. Qc4+ d5 23. Qxc6 Rb6 24. fxg6+ Kxg6 25. Qc7 Ng4 26. Qxe7 Bf6 27. Qd7 1-0